Workbook

Sheet Summary
A1: Year Summary
A3: Category | B3: Annual Planned | C3: Annual Actual | D3: Difference
A4: Salary / main income | B4: ='Jan'!B4+'Feb'!B4+'Mar'!B4+'Apr'!B4+'May'!B4+'Jun'!B4+'Jul'!B4+'Aug'!B4+'Sep'!B4+'Oct'!B4+'Nov'!B4+'Dec'!B4 | C4: ='Jan'!C4+'Feb'!C4+'Mar'!C4+'Apr'!C4+'May'!C4+'Jun'!C4+'Jul'!C4+'Aug'!C4+'Sep'!C4+'Oct'!C4+'Nov'!C4+'Dec'!C4 | D4: =B4-C4
A5: Freelance / side income | B5: ='Jan'!B5+'Feb'!B5+'Mar'!B5+'Apr'!B5+'May'!B5+'Jun'!B5+'Jul'!B5+'Aug'!B5+'Sep'!B5+'Oct'!B5+'Nov'!B5+'Dec'!B5 | C5: ='Jan'!C5+'Feb'!C5+'Mar'!C5+'Apr'!C5+'May'!C5+'Jun'!C5+'Jul'!C5+'Aug'!C5+'Sep'!C5+'Oct'!C5+'Nov'!C5+'Dec'!C5 | D5: =B5-C5
A6: Other income | B6: ='Jan'!B6+'Feb'!B6+'Mar'!B6+'Apr'!B6+'May'!B6+'Jun'!B6+'Jul'!B6+'Aug'!B6+'Sep'!B6+'Oct'!B6+'Nov'!B6+'Dec'!B6 | C6: ='Jan'!C6+'Feb'!C6+'Mar'!C6+'Apr'!C6+'May'!C6+'Jun'!C6+'Jul'!C6+'Aug'!C6+'Sep'!C6+'Oct'!C6+'Nov'!C6+'Dec'!C6 | D6: =B6-C6
A7: Total income | B7: ='Jan'!B7+'Feb'!B7+'Mar'!B7+'Apr'!B7+'May'!B7+'Jun'!B7+'Jul'!B7+'Aug'!B7+'Sep'!B7+'Oct'!B7+'Nov'!B7+'Dec'!B7 | C7: ='Jan'!C7+'Feb'!C7+'Mar'!C7+'Apr'!C7+'May'!C7+'Jun'!C7+'Jul'!C7+'Aug'!C7+'Sep'!C7+'Oct'!C7+'Nov'!C7+'Dec'!C7 | D7: =B7-C7
A9: Housing / rent | B9: ='Jan'!B9+'Feb'!B9+'Mar'!B9+'Apr'!B9+'May'!B9+'Jun'!B9+'Jul'!B9+'Aug'!B9+'Sep'!B9+'Oct'!B9+'Nov'!B9+'Dec'!B9 | C9: ='Jan'!C9+'Feb'!C9+'Mar'!C9+'Apr'!C9+'May'!C9+'Jun'!C9+'Jul'!C9+'Aug'!C9+'Sep'!C9+'Oct'!C9+'Nov'!C9+'Dec'!C9 | D9: =B9-C9
A10: Utilities (electricity, water, internet) | B10: ='Jan'!B10+'Feb'!B10+'Mar'!B10+'Apr'!B10+'May'!B10+'Jun'!B10+'Jul'!B10+'Aug'!B10+'Sep'!B10+'Oct'!B10+'Nov'!B10+'Dec'!B10 | C10: ='Jan'!C10+'Feb'!C10+'Mar'!C10+'Apr'!C10+'May'!C10+'Jun'!C10+'Jul'!C10+'Aug'!C10+'Sep'!C10+'Oct'!C10+'Nov'!C10+'Dec'!C10 | D10: =B10-C10
A11: Groceries | B11: ='Jan'!B11+'Feb'!B11+'Mar'!B11+'Apr'!B11+'May'!B11+'Jun'!B11+'Jul'!B11+'Aug'!B11+'Sep'!B11+'Oct'!B11+'Nov'!B11+'Dec'!B11 | C11: ='Jan'!C11+'Feb'!C11+'Mar'!C11+'Apr'!C11+'May'!C11+'Jun'!C11+'Jul'!C11+'Aug'!C11+'Sep'!C11+'Oct'!C11+'Nov'!C11+'Dec'!C11 | D11: =B11-C11
A12: Transportation | B12: ='Jan'!B12+'Feb'!B12+'Mar'!B12+'Apr'!B12+'May'!B12+'Jun'!B12+'Jul'!B12+'Aug'!B12+'Sep'!B12+'Oct'!B12+'Nov'!B12+'Dec'!B12 | C12: ='Jan'!C12+'Feb'!C12+'Mar'!C12+'Apr'!C12+'May'!C12+'Jun'!C12+'Jul'!C12+'Aug'!C12+'Sep'!C12+'Oct'!C12+'Nov'!C12+'Dec'!C12 | D12: =B12-C12
A13: Insurance | B13: ='Jan'!B13+'Feb'!B13+'Mar'!B13+'Apr'!B13+'May'!B13+'Jun'!B13+'Jul'!B13+'Aug'!B13+'Sep'!B13+'Oct'!B13+'Nov'!B13+'Dec'!B13 | C13: ='Jan'!C13+'Feb'!C13+'Mar'!C13+'Apr'!C13+'May'!C13+'Jun'!C13+'Jul'!C13+'Aug'!C13+'Sep'!C13+'Oct'!C13+'Nov'!C13+'Dec'!C13 | D13: =B13-C13
A14: Health | B14: ='Jan'!B14+'Feb'!B14+'Mar'!B14+'Apr'!B14+'May'!B14+'Jun'!B14+'Jul'!B14+'Aug'!B14+'Sep'!B14+'Oct'!B14+'Nov'!B14+'Dec'!B14 | C14: ='Jan'!C14+'Feb'!C14+'Mar'!C14+'Apr'!C14+'May'!C14+'Jun'!C14+'Jul'!C14+'Aug'!C14+'Sep'!C14+'Oct'!C14+'Nov'!C14+'Dec'!C14 | D14: =B14-C14
A15: Debt payments | B15: ='Jan'!B15+'Feb'!B15+'Mar'!B15+'Apr'!B15+'May'!B15+'Jun'!B15+'Jul'!B15+'Aug'!B15+'Sep'!B15+'Oct'!B15+'Nov'!B15+'Dec'!B15 | C15: ='Jan'!C15+'Feb'!C15+'Mar'!C15+'Apr'!C15+'May'!C15+'Jun'!C15+'Jul'!C15+'Aug'!C15+'Sep'!C15+'Oct'!C15+'Nov'!C15+'Dec'!C15 | D15: =B15-C15
A16: Subscriptions | B16: ='Jan'!B16+'Feb'!B16+'Mar'!B16+'Apr'!B16+'May'!B16+'Jun'!B16+'Jul'!B16+'Aug'!B16+'Sep'!B16+'Oct'!B16+'Nov'!B16+'Dec'!B16 | C16: ='Jan'!C16+'Feb'!C16+'Mar'!C16+'Apr'!C16+'May'!C16+'Jun'!C16+'Jul'!C16+'Aug'!C16+'Sep'!C16+'Oct'!C16+'Nov'!C16+'Dec'!C16 | D16: =B16-C16
... A20: Total expenses | B20: ='Jan'!B20+'Feb'!B20+'Mar'!B20+'Apr'!B20+'May'!B20+'Jun'!B20+'Jul'!B20+'Aug'!B20+'Sep'!B20+'Oct'!B20+'Nov'!B20+'Dec'!B20 | C20: ='Jan'!C20+'Feb'!C20+'Mar'!C20+'Apr'!C20+'May'!C20+'Jun'!C20+'Jul'!C20+'Aug'!C20+'Sep'!C20+'Oct'!C20+'Nov'!C20+'Dec'!C20 | D20: =B20-C20
A22: Net (income minus expenses) | B22: =B7-B20 | C22: =C7-C20 | D22: =B22-C22

Sheet Jan
A1: January — Monthly Budget
A3: Category | B3: Planned | C3: Actual | D3: Difference | E3: Notes
A4: Salary / main income | D4: =B4-C4
A5: Freelance / side income | D5: =B5-C5
A6: Other income | D6: =B6-C6
A7: Total income | B7: =SUM(B4:B6) | C7: =SUM(C4:C6) | D7: =B7-C7
A9: Housing / rent | D9: =B9-C9
A10: Utilities (electricity, water, internet) | D10: =B10-C10
A11: Groceries | D11: =B11-C11
A12: Transportation | D12: =B12-C12
A13: Insurance | D13: =B13-C13
A14: Health | D14: =B14-C14
A15: Debt payments | D15: =B15-C15
A16: Subscriptions | D16: =B16-C16
A17: Savings / emergency fund | D17: =B17-C17
A18: Personal / leisure | D18: =B18-C18
A19: Miscellaneous | D19: =B19-C19
A20: Total expenses | B20: =SUM(B9:B19) | C20: =SUM(C9:C19) | D20: =B20-C20
A22: Net (income minus expenses) | B22: =B7-B20 | C22: =C7-C20 | D22: =B22-C22

Sheet Feb
A1: February — Monthly Budget
A3: Category | B3: Planned | C3: Actual | D3: Difference | E3: Notes
A4: Salary / main income | D4: =B4-C4
A5: Freelance / side income | D5: =B5-C5
A6: Other income | D6: =B6-C6
A7: Total income | B7: =SUM(B4:B6) | C7: =SUM(C4:C6) | D7: =B7-C7
A9: Housing / rent | D9: =B9-C9
A10: Utilities (electricity, water, internet) | D10: =B10-C10
A11: Groceries | D11: =B11-C11
A12: Transportation | D12: =B12-C12
A13: Insurance | D13: =B13-C13
A14: Health | D14: =B14-C14
A15: Debt payments | D15: =B15-C15
A16: Subscriptions | D16: =B16-C16
A17: Savings / emergency fund | D17: =B17-C17
A18: Personal / leisure | D18: =B18-C18
A19: Miscellaneous | D19: =B19-C19
A20: Total expenses | B20: =SUM(B9:B19) | C20: =SUM(C9:C19) | D20: =B20-C20
A22: Net (income minus expenses) | B22: =B7-B20 | C22: =C7-C20 | D22: =B22-C22

Sheet Mar
A1: March — Monthly Budget
A3: Category | B3: Planned | C3: Actual | D3: Difference | E3: Notes
A4: Salary / main income | D4: =B4-C4
A5: Freelance / side income | D5: =B5-C5
A6: Other income | D6: =B6-C6
A7: Total income | B7: =SUM(B4:B6) | C7: =SUM(C4:C6) | D7: =B7-C7
A9: Housing / rent | D9: =B9-C9
A10: Utilities (electricity, water, internet) | D10: =B10-C10
A11: Groceries | D11: =B11-C11
A12: Transportation | D12: =B12-C12
A13: Insurance | D13: =B13-C13
A14: Health | D14: =B14-C14
A15: Debt payments | D15: =B15-C15
A16: Subscriptions | D16: =B16-C16
A17: Savings / emergency fund | D17: =B17-C17
A18: Personal / leisure | D18: =B18-C18
A19: Miscellaneous | D19: =B19-C19
A20: Total expenses | B20: =SUM(B9:B19) | C20: =SUM(C9:C19) | D20: =B20-C20
A22: Net (income minus expenses) | B22: =B7-B20 | C22: =C7-C20 | D22: =B22-C22

Sheet Apr
A1: April — Monthly Budget
A3: Category | B3: Planned | C3: Actual | D3: Difference | E3: Notes
A4: Salary / main income | D4: =B4-C4
A5: Freelance / side income | D5: =B5-C5
A6: Other income | D6: =B6-C6
A7: Total income | B7: =SUM(B4:B6) | C7: =SUM(C4:C6) | D7: =B7-C7
A9: Housing / rent | D9: =B9-C9
A10: Utilities (electricity, water, internet) | D10: =B10-C10
A11: Groceries | D11: =B11-C11
A12: Transportation | D12: =B12-C12
A13: Insurance | D13: =B13-C13
A14: Health | D14: =B14-C14
A15: Debt payments | D15: =B15-C15
A16: Subscriptions | D16: =B16-C16
A17: Savings / emergency fund | D17: =B17-C17
A18: Personal / leisure | D18: =B18-C18
A19: Miscellaneous | D19: =B19-C19
A20: Total expenses | B20: =SUM(B9:B19) | C20: =SUM(C9:C19) | D20: =B20-C20
A22: Net (income minus expenses) | B22: =B7-B20 | C22: =C7-C20 | D22: =B22-C22

Sheet May
A1: May — Monthly Budget
A3: Category | B3: Planned | C3: Actual | D3: Difference | E3: Notes
A4: Salary / main income | D4: =B4-C4
A5: Freelance / side income | D5: =B5-C5
A6: Other income | D6: =B6-C6
A7: Total income | B7: =SUM(B4:B6) | C7: =SUM(C4:C6) | D7: =B7-C7
A9: Housing / rent | D9: =B9-C9
A10: Utilities (electricity, water, internet) | D10: =B10-C10
A11: Groceries | D11: =B11-C11
A12: Transportation | D12: =B12-C12
A13: Insurance | D13: =B13-C13
A14: Health | D14: =B14-C14
A15: Debt payments | D15: =B15-C15
A16: Subscriptions | D16: =B16-C16
A17: Savings / emergency fund | D17: =B17-C17
A18: Personal / leisure | D18: =B18-C18
A19: Miscellaneous | D19: =B19-C19
A20: Total expenses | B20: =SUM(B9:B19) | C20: =SUM(C9:C19) | D20: =B20-C20
A22: Net (income minus expenses) | B22: =B7-B20 | C22: =C7-C20 | D22: =B22-C22

Sheet Jun
A1: June — Monthly Budget
A3: Category | B3: Planned | C3: Actual | D3: Difference | E3: Notes
A4: Salary / main income | D4: =B4-C4
A5: Freelance / side income | D5: =B5-C5
A6: Other income | D6: =B6-C6
A7: Total income | B7: =SUM(B4:B6) | C7: =SUM(C4:C6) | D7: =B7-C7
A9: Housing / rent | D9: =B9-C9
A10: Utilities (electricity, water, internet) | D10: =B10-C10
A11: Groceries | D11: =B11-C11
A12: Transportation | D12: =B12-C12
A13: Insurance | D13: =B13-C13
A14: Health | D14: =B14-C14
A15: Debt payments | D15: =B15-C15
A16: Subscriptions | D16: =B16-C16
A17: Savings / emergency fund | D17: =B17-C17
A18: Personal / leisure | D18: =B18-C18
A19: Miscellaneous | D19: =B19-C19
A20: Total expenses | B20: =SUM(B9:B19) | C20: =SUM(C9:C19) | D20: =B20-C20
A22: Net (income minus expenses) | B22: =B7-B20 | C22: =C7-C20 | D22: =B22-C22

Sheet Jul
A1: July — Monthly Budget
A3: Category | B3: Planned | C3: Actual | D3: Difference | E3: Notes
A4: Salary / main income | D4: =B4-C4
A5: Freelance / side income | D5: =B5-C5
A6: Other income | D6: =B6-C6
A7: Total income | B7: =SUM(B4:B6) | C7: =SUM(C4:C6) | D7: =B7-C7
A9: Housing / rent | D9: =B9-C9
A10: Utilities (electricity, water, internet) | D10: =B10-C10
A11: Groceries | D11: =B11-C11
A12: Transportation | D12: =B12-C12
A13: Insurance | D13: =B13-C13
A14: Health | D14: =B14-C14
A15: Debt payments | D15: =B15-C15
A16: Subscriptions | D16: =B16-C16
A17: Savings / emergency fund | D17: =B17-C17
A18: Personal / leisure | D18: =B18-C18
A19: Miscellaneous | D19: =B19-C19
A20: Total expenses | B20: =SUM(B9:B19) | C20: =SUM(C9:C19) | D20: =B20-C20
A22: Net (income minus expenses) | B22: =B7-B20 | C22: =C7-C20 | D22: =B22-C22

Sheet Aug
A1: August — Monthly Budget
A3: Category | B3: Planned | C3: Actual | D3: Difference | E3: Notes
A4: Salary / main income | D4: =B4-C4
A5: Freelance / side income | D5: =B5-C5
A6: Other income | D6: =B6-C6
A7: Total income | B7: =SUM(B4:B6) | C7: =SUM(C4:C6) | D7: =B7-C7
A9: Housing / rent | D9: =B9-C9
A10: Utilities (electricity, water, internet) | D10: =B10-C10
A11: Groceries | D11: =B11-C11
A12: Transportation | D12: =B12-C12
A13: Insurance | D13: =B13-C13
A14: Health | D14: =B14-C14
A15: Debt payments | D15: =B15-C15
A16: Subscriptions | D16: =B16-C16
A17: Savings / emergency fund | D17: =B17-C17
A18: Personal / leisure | D18: =B18-C18
A19: Miscellaneous | D19: =B19-C19
A20: Total expenses | B20: =SUM(B9:B19) | C20: =SUM(C9:C19) | D20: =B20-C20
A22: Net (income minus expenses) | B22: =B7-B20 | C22: =C7-C20 | D22: =B22-C22

Sheet Sep
A1: September — Monthly Budget
A3: Category | B3: Planned | C3: Actual | D3: Difference | E3: Notes
A4: Salary / main income | D4: =B4-C4
A5: Freelance / side income | D5: =B5-C5
A6: Other income | D6: =B6-C6
A7: Total income | B7: =SUM(B4:B6) | C7: =SUM(C4:C6) | D7: =B7-C7
A9: Housing / rent | D9: =B9-C9
A10: Utilities (electricity, water, internet) | D10: =B10-C10
A11: Groceries | D11: =B11-C11
A12: Transportation | D12: =B12-C12
A13: Insurance | D13: =B13-C13
A14: Health | D14: =B14-C14
A15: Debt payments | D15: =B15-C15
A16: Subscriptions | D16: =B16-C16
A17: Savings / emergency fund | D17: =B17-C17
A18: Personal / leisure | D18: =B18-C18
A19: Miscellaneous | D19: =B19-C19
A20: Total expenses | B20: =SUM(B9:B19) | C20: =SUM(C9:C19) | D20: =B20-C20
A22: Net (income minus expenses) | B22: =B7-B20 | C22: =C7-C20 | D22: =B22-C22

Sheet Oct
A1: October — Monthly Budget
A3: Category | B3: Planned | C3: Actual | D3: Difference | E3: Notes
A4: Salary / main income | D4: =B4-C4
A5: Freelance / side income | D5: =B5-C5
A6: Other income | D6: =B6-C6
A7: Total income | B7: =SUM(B4:B6) | C7: =SUM(C4:C6) | D7: =B7-C7
A9: Housing / rent | D9: =B9-C9
A10: Utilities (electricity, water, internet) | D10: =B10-C10
A11: Groceries | D11: =B11-C11
A12: Transportation | D12: =B12-C12
A13: Insurance | D13: =B13-C13
A14: Health | D14: =B14-C14
A15: Debt payments | D15: =B15-C15
A16: Subscriptions | D16: =B16-C16
A17: Savings / emergency fund | D17: =B17-C17
A18: Personal / leisure | D18: =B18-C18
A19: Miscellaneous | D19: =B19-C19
A20: Total expenses | B20: =SUM(B9:B19) | C20: =SUM(C9:C19) | D20: =B20-C20
A22: Net (income minus expenses) | B22: =B7-B20 | C22: =C7-C20 | D22: =B22-C22

Sheet Nov
A1: November — Monthly Budget
A3: Category | B3: Planned | C3: Actual | D3: Difference | E3: Notes
A4: Salary / main income | D4: =B4-C4
A5: Freelance / side income | D5: =B5-C5
A6: Other income | D6: =B6-C6
A7: Total income | B7: =SUM(B4:B6) | C7: =SUM(C4:C6) | D7: =B7-C7
A9: Housing / rent | D9: =B9-C9
A10: Utilities (electricity, water, internet) | D10: =B10-C10
A11: Groceries | D11: =B11-C11
A12: Transportation | D12: =B12-C12
A13: Insurance | D13: =B13-C13
A14: Health | D14: =B14-C14
A15: Debt payments | D15: =B15-C15
A16: Subscriptions | D16: =B16-C16
A17: Savings / emergency fund | D17: =B17-C17
A18: Personal / leisure | D18: =B18-C18
A19: Miscellaneous | D19: =B19-C19
A20: Total expenses | B20: =SUM(B9:B19) | C20: =SUM(C9:C19) | D20: =B20-C20
A22: Net (income minus expenses) | B22: =B7-B20 | C22: =C7-C20 | D22: =B22-C22

Sheet Dec
A1: December — Monthly Budget
A3: Category | B3: Planned | C3: Actual | D3: Difference | E3: Notes
A4: Salary / main income | D4: =B4-C4
A5: Freelance / side income | D5: =B5-C5
A6: Other income | D6: =B6-C6
A7: Total income | B7: =SUM(B4:B6) | C7: =SUM(C4:C6) | D7: =B7-C7
A9: Housing / rent | D9: =B9-C9
A10: Utilities (electricity, water, internet) | D10: =B10-C10
A11: Groceries | D11: =B11-C11
A12: Transportation | D12: =B12-C12
A13: Insurance | D13: =B13-C13
A14: Health | D14: =B14-C14
A15: Debt payments | D15: =B15-C15
A16: Subscriptions | D16: =B16-C16
A17: Savings / emergency fund | D17: =B17-C17
A18: Personal / leisure | D18: =B18-C18
A19: Miscellaneous | D19: =B19-C19
A20: Total expenses | B20: =SUM(B9:B19) | C20: =SUM(C9:C19) | D20: =B20-C20
A22: Net (income minus expenses) | B22: =B7-B20 | C22: =C7-C20 | D22: =B22-C22

Sheet Instructions
A1: How to use this budget tracker
A3: 1. Fill in the Planned column at the start of each month, on that month's tab.
A4: 2. Fill in Actual as the month goes, or once at the end of the month.
A5: 3. Difference = Planned minus Actual. For expenses, a positive number means you stayed under budget. For income, a negative number means you beat the plan.
A6: 4. The Summary tab updates automatically — nothing to maintain there.
A7: 5. To add or rename categories, edit the rows above each Total row so the SUM formulas keep catching them.
A8: 6. For a new year, make a copy of this file (File > Make a copy in Google Sheets, or Save As in Excel) and clear the numbers.
A10: Made by FazTest — https://faztest.net/tools/
